 Dungeon Crawl Stone Soup version 0.29.1-1-gd02db6906a (webtiles) character file.

Game seed: 14771161789331561882

156 Colgate the Chiller (level 5, 35/35 HPs)
             Began as a Barachi Ice Elementalist on Oct 9, 2022.
             Quit the game on level 3 of the Dungeon.
             The game lasted 00:05:27 (2266 turns).

Colgate the Chiller (Barachi Ice Elementalist)      Turns: 2266, Time: 00:05:28

Health: 35/35      AC:  2    Str:  9    XL:     5   Next: 38%
Magic:  1/8        EV: 16    Int: 18    God:
Gold:   156        SH:  0    Dex: 12    Spells: 4/8 levels left

rFire   . . .      SeeInvis .   b - +2 sling (vorpal)
rCold   . . .      Faith    .   (no shield)
rNeg    . . .      Spirit   .   e - +0 robe
rPois   .          Reflect  .   (no helmet)
rElec   .          Harm     .   (no cloak)
rCorr   .          Rampage  .   (no gloves)
Will    .....                   (no boots)
Stlth   ++........              i - amulet of the acrobat
HPRegen 0.11/turn               h - ring of flight
MPRegen 0.11/turn               j - +4 ring of evasion

@: freezing walls, flying, slow
A: amphibious, slowness 1, strong legs 1, +LOS
a: Hop


You were on level 3 of the Dungeon.
You visited 1 branch of the dungeon, and saw 3 of its levels.

You collected 156 gold pieces.

Inventory:

Hand Weapons
 a - a +1 dagger of speed
 b - a +2 vorpal sling (weapon)
Armour
 e - a +0 robe (worn)
Jewellery
 h - a ring of flight (left hand)
 i - an amulet of the acrobat (around neck)
 j - a +4 ring of evasion (right hand)
Scrolls
 c - a scroll of immolation
 d - 3 scrolls of teleportation {@r3}
 k - a scroll of fog {unknown}
 n - a scroll of vulnerability {unknown}
 o - a scroll of amnesia {unknown}
 q - 2 scrolls of enchant weapon {unknown}
 r - a scroll of blinking {unknown}
Potions
 f - 2 potions of brilliance {unknown}
 g - a potion of flight {unknown}
 l - 2 potions of magic
 m - a potion of degeneration {unknown}
 p - 2 potions of haste {unknown}


   Skills:
 - Level 2.1 Dodging
 - Level 1.7 Stealth
 - Level 2.1 Spellcasting
 + Level 7.8 Ice Magic


You had 4 spell levels left.
You knew the following spells:

 Your Spells              Type           Power      Damage    Failure   Level
a - Freeze                Ice            100%       1d11      1%          1
b - Frozen Ramparts       Ice            60%        1d10      2%          3

Your spell library contained the following spells:

 Spells                   Type           Power      Damage    Failure   Level
 Ozocubu's Armour         Ice            30%        N/A       2%          3
 Apportation              Tloc           2%         N/A       19%         1
 Necrotise                Necr           4%         1d4       19%         1
 Summon Small Mammal      Summ           4%         N/A       19%         1
 Blink                    Tloc           2%         N/A       26%         2
 Hailstorm                Conj/Ice       16%        3d6       34%         4
 Lesser Beckoning         Tloc           1%         N/A       47%         3
 Manifold Assault         Tloc           1%         N/A       99%         5


Dungeon Overview and Level Annotations

Branches:
Dungeon (3/15)

Altars:


Innate Abilities, Weirdness & Mutations

You are amphibious.
You cover ground slowly.
You can hop short distances.
You have an extended range of vision and can be seen from far away.


Message History

Casting: Frozen Ramparts (dangerous; 2% risk of failure)
The walls around you are covered in ice.
The hobgoblin shouts!
The wall freezes the gnoll.
You shoot a sling bullet.
The sling bullet barely misses the gnoll.
The wall freezes the gnoll!
You kill the gnoll!
An adder comes into view.
You have reached level 5!
You shoot a sling bullet. The sling bullet hits the gnoll.
You shoot a sling bullet. The sling bullet hits the gnoll.
You shoot a sling bullet. The sling bullet hits the gnoll.
A bat comes into view.
The wall freezes the gnoll!
You shoot a sling bullet.
The sling bullet barely misses the gnoll.
The sling bullet barely misses the hobgoblin.
The wall freezes the gnoll!
You kill the gnoll!
The wall freezes the hobgoblin.
You kill the hobgoblin!
You shoot a sling bullet. The sling bullet hits the bat!
You kill the bat!
The frozen ramparts melt away.
Casting: Frozen Ramparts (dangerous; 2% risk of failure)
Casting: Frozen Ramparts (dangerous; 2% risk of failure)
The walls around you are covered in ice.
The wall freezes the adder!
The wall freezes the gnoll but does no damage.
You shoot a sling bullet. The sling bullet misses the adder.
The wall freezes the adder!
You kill the adder!
The wall freezes the gnoll.
Casting: Frozen Ramparts (dangerous; 2% risk of failure)
Aiming: Freeze (safe; 1% risk of failure)
Aim: a gnoll, wielding a +0 whip (almost dead)
You freeze the gnoll.
You kill the gnoll!
Okay, then.

....... ### ...... ..
^.... . .. ..# ...) .
... .> ... .## .... #†
)[ ..# ..... #.#)# #.#
#.... #.).### #.##... †.
#@...# #....
.....####.##.####..##
.........).......<..#
.....####.##.######....#
..... #.# .# ##.# .....
#.# .# # ......##.## #
.### #.....# ### ...
####..# ..# #.


There were no monsters in sight!

Vanquished Creatures
  7 gnolls (D:3)
  3 adders
  A worm (D:2)
  A dart slug (D:2)
  5 ball pythons
  2 bats
  6 endoplasms
  2 giant cockroaches (D:1)
  4 goblins
  5 hobgoblins
  7 jackals
  3 kobolds (D:1)
  A quokka (D:1)
  4 frilled lizards
  4 rats
55 creatures vanquished.

Notes
Turn   | Place    | Note
-------+----------+-------------------------------------------
     0 | D:1      | Colgate the Barachi Ice Elementalist began the quest for
                  | the Orb.
     0 | D:1      | Reached XP level 1. HP: 13/13 MP: 3/3
    89 | D:1      | Reached skill level 5 in Ice Magic
   255 | D:1      | Reached XP level 2. HP: 5/19 MP: 1/5
  1340 | D:1      | Reached XP level 3. HP: 24/24 MP: 4/6
  1344 | D:1      | Learned a level 3 spell: Frozen Ramparts
  1350 | D:1      | Reached skill level 6 in Ice Magic
  2007 | D:3      | Reached XP level 4. HP: 30/30 MP: 3/7
  2129 | D:3      | Reached skill level 7 in Ice Magic
  2258 | D:3      | Reached XP level 5. HP: 35/35 MP: 4/8
  2266 | D:3      | Quit the game

Illustrated notes

Levels and vault maps discovered:
D:1:      minmay_arrival_doors, layout_loops_ring, serial_aquarium,
          aquarium_bridge_straight [aquarium_subvault_bridge,
          aquarium_subvault_wall, aquarium_subvault_bridge,
          aquarium_subvault_window], aquarium_bridge_square
          [aquarium_subvault_window, aquarium_subvault_bridge,
          aquarium_subvault_bridge, aquarium_subvault_wall],
          aquarium_window_corner, aquarium_window_fake, aquarium_view_2a,
          aquarium_balcony_3b
D:2:      layout_rooms, guppyfry_early_lair_pool
D:3:      layout_rooms, serial_shops, nicolae_lakefront_shop,
          portal_sewer_entry_f, uniq_crazy_yiuf_cottage

Skill      XL: |  1  2  3  4 |
---------------+-------------+-----
Ice Magic      | 5 6 7 |  7.8
Dodging        | |  2.1
Stealth        | |  1.7
Spellcasting   | |  2.1

Action                   |  1- 3 |  4- 6 || total
-------------------------+-------+-------++-------
Melee: Dagger            |     8 |       ||     8
 Fire: Sling             |    36 |    27 ||    63
 Cast: Freeze            |    24 |     1 ||    25
       Frozen Ramparts   |     5 |     6 ||    11
 Abil: Hop               |     2 |       ||     2
  Use: Scroll            |     2 |       ||     2
Armor: Robe              |     6 |       ||     6
Dodge: Dodged            |    25 |     1 ||    26
